 Dungeon Crawl Stone Soup version 0.29.0-4-gdea44cf6ec (webtiles) character file.

Game seed: 518151430632380797

18 qw the Sneak (level 2, -1/19 HPs)
             Began as a Gargoyle Delver on Sept 10, 2022.
             Slain by Ijyb
             ... wielding a +0 dagger
              (5 damage)
             ... on level 3 of the Dungeon.
             The game lasted 00:00:14 (440 turns).

qw the Sneak (Gargoyle Delver)                       Turns: 440, Time: 00:00:14

Health: -1/19      AC:  5    Str: 15    XL:     2   Next: 66%
Magic:  2/2        EV: 11    Int: 10    God:
Gold:   35         SH:  0    Dex: 11    Spells: 1/1 levels left

rFire   . . .      SeeInvis .   a - +0 hand axe
rCold   . . .      Faith    .   (no shield)
rNeg    + . .      Spirit   .   b - +0 leather armour
rPois   inf        Reflect  .   (no helmet)
rElec   +          Harm     .   (no cloak)
rCorr   .          Rampage  .   (no gloves)
Will    .....                   (no boots)
Stlth   +++.......              (no amulet)
HPRegen 0.06/turn               (no ring)
MPRegen 0.08/turn               (no ring)

@: no status effects
A: sickness immunity, AC +2, negative energy resistance 1, electricity
resistance, torment resistance 1, petrification resistance
a: no special abilities


You were on level 3 of the Dungeon.
You visited 1 branch of the dungeon, and saw 3 of its levels.

You collected 35 gold pieces.


Innate Abilities, Weirdness & Mutations

You are immune to sickness and miasma.
Your stone body is resilient. (AC +2)
You are immune to poison.
You resist negative energy. (rN+)
You are resistant to electric shocks. (rElec)
You are resistant to unholy torment.
You are immune to petrification.


   Skills:
 - Level 3.2 Fighting
 + Level 2.9 Axes
 - Level 1.5 Dodging
 - Level 5.4 Stealth


You had one spell level left.
You didn't know any spells.
Your spell library was empty.

Inventory:

Hand Weapons
 a - a +0 hand axe (weapon)
 d - a +0 club
Armour
 b - a +0 leather armour (worn)
 c - a +0 helmet
 j - a +0 ring mail
Wands
 g - a wand of digging (3)
Scrolls
 e - a scroll of poison {unknown}
 i - a scroll of brand weapon {unknown}
Potions
 f - a potion of haste
 h - a potion of curing {unknown}

Dungeon Overview and Level Annotations

Branches:
Dungeon (5/15)
 Temple: D:4-7

Altars:

Annotations:
D:3 Ijyb


Message History

The rat bites you but does no damage. The orc closely misses you.
430 ||| Stepping ~*~*~tactically~*~*~ (stealth).
The rat attacks as you move away! The rat bites you.
The orc shouts!
You hit the orc.
The orc is lightly wounded.
You hit the rat.
You kill the rat!
You hear a shout!
The orc hits you but does no damage. x2
You barely miss the orc.
The orc is lightly wounded.
You hit the orc. The orc hits you but does no damage.
The orc barely misses you.
You hit the orc.
You kill the orc!
You barely miss the orc.
You hear a shout!
The orc hits you but does no damage.
You barely miss the orc.
The orc is lightly wounded.
The orc misses you.
You closely miss the orc.
The orc is lightly wounded.
The orc barely misses you.
You slash the orc!
You kill the orc!
You hit Ijyb.
Ijyb is moderately wounded.
Ijyb hits you but does no damage.
You barely miss Ijyb.
Ijyb is moderately wounded.
Ijyb hits you with a +0 dagger. Ijyb barely misses you.
You closely miss Ijyb.
Ijyb is moderately wounded.
Ijyb closely misses you.
You hit Ijyb but do no damage.
Ijyb is moderately wounded.
Ijyb hits you with a +0 dagger.
You die...

# #. #### .
#...######### 8 #.
..8g<#......#
...##.##....##......#
##...)g#####.......#
#...8.)@.(.........#
#.#...######.......#
.....#. #.......#
.#.###. #.......# #
#. ####..### ##
####.%### #.......#
#.......#
##:......#####


You could see Ijyb.

Vanquished Creatures
  A worm (D:3)
  4 orcs (D:3)
  3 goblins (D:3)
  A frilled lizard (D:3)
  2 rats (D:3)
11 creatures vanquished.

Notes
Turn   | Place    | Note
-------+----------+-------------------------------------------
     0 | D:5      | qw the Gargoyle Delver began the quest for the Orb.
     0 | D:5      | Reached XP level 1. HP: 14/14 MP: 1/1
     0 | D:5      | 0 ||| qw: Version: 0.1-a-116-g5d60599
     0 | D:5      | 0 ||| qw: Game counter: 8709
     0 | D:5      | 0 ||| qw: Always use a shield: true
     0 | D:5      | 0 ||| qw: God list: Okawaru
     0 | D:5      | 0 ||| qw: Allow faded altars: false
     0 | D:5      | 0 ||| qw: Do Orc after D:15 true
     0 | D:5      | 0 ||| qw: Do second Lair branch before Depths: true
     0 | D:5      | 0 ||| qw: Lair rune preference: random
     0 | D:5      | 0 ||| qw: Plans: Normal
     0 | D:5      | 0 ||| PLANNING D:1-11
     0 | D:5      | 0 ||| DROPPING scroll of fog.
     1 | D:5      | 1 ||| DROPPING scroll of magic mapping.
     2 | D:5      | 2 ||| DROPPING scroll of fear.
    56 | D:3      | 56 ||| Stepping ~*~*~tactically~*~*~ (stealth).
    57 | D:3      | 57 ||| Stepping ~*~*~tactically~*~*~ (stealth).
    58 | D:3      | 58 ||| Stepping ~*~*~tactically~*~*~ (stealth).
    60 | D:3      | 60 ||| Stepping ~*~*~tactically~*~*~ (stealth).
    62 | D:3      | 62 ||| Stepping ~*~*~tactically~*~*~ (stealth).
    67 | D:3      | 67 ||| Stepping ~*~*~tactically~*~*~ (stealth).
    72 | D:3      | 72 ||| Stepping ~*~*~tactically~*~*~ (stealth).
   204 | D:3      | Found a faded altar of an unknown god.
   238 | D:3      | Reached XP level 2. HP: 15/19 MP: 2/2
   424 | D:3      | 424 ||| Stepping ~*~*~tactically~*~*~ (stealth).
   424 | D:3      | Noticed Ijyb
   425 | D:3      | 425 ||| Stepping ~*~*~tactically~*~*~ (hiding).
   430 | D:3      | 430 ||| Stepping ~*~*~tactically~*~*~ (stealth).
   438 | D:3      | HP: 4/19 [Ijyb/+0 dagger (2)]
   440 | D:3      | Slain by Ijyb

Levels and vault maps discovered:
D:3:      layout_loops_ring, nicolae_overflow_hallway_of_the_gods,
          shapermc_ecumenical_altar_mp_urbaneastern, grunt_ministairs_4,
          uniq_terence, uniq_ijyb, uniq_sigmund
D:4:      layout_cave_pods, mainiacjoe_overflow_cross_hatched,
          minmay_temple_entry_trees
D:5:      layout_basic, hangedman_feature_mirror

Skill      XL: |  1 |
---------------+----+-----
Axes           | 2 |  2.9
Fighting       | |  3.2
Dodging        | |  1.5
Stealth        | |  5.4

Action                   || total
-------------------------++-------
Melee: Hand axe          ||    40
Armor: Leather armour    ||    15
Dodge: Dodged            ||    15

Table legend:
 A = Non-vault XP
 B = Vault XP
 C = Vault XP percentage of total XP
 D = Non-vault monster count
 E = Vault monster count
 F = Vault count percentage of total count
                 A         B        C        D         E       F
            +---------+---------+-------+---------+---------+-------
      Total |      16 |      10 |  38.5 |       7 |       4 |  36.4
            +---------+---------+-------+---------+---------+-------
        D:3 |      16 |      10 |  38.5 |       7 |       4 |  36.4
            +---------+---------+-------+---------+---------+-------
